MLB
BALTIMORE ORIOLES @ LOS ANGELES ANGELS
04/15/2099
 
TOP OF THE 1ST
Baltimore Orioles batting - Pitching for Los Angeles Angels : RHP Matt Yaryan
Pitching: RHP Matt Yaryan
Batting: LHB Jeremy Marshall 0-0: Foul Ball, location: 7LSF
0-1: Ball
1-1: Fly out, F7 (Flyball, 78M, EV 92.5 MPH)
Batting: LHB Jerry Peterson 0-0: Called Strike
0-1: Swinging Strike
0-2: Ball
1-2: Strikes out looking
Batting: RHB Eduardo Lopez 0-0: Ball
1-0: Swinging Strike
1-1: Called Strike
1-2: Fly out, F8 (Flyball, 8LXD, EV 100.0 MPH)
Top of the 1st over - 0 runs, 0 hits, 0 errors, 0 left on base; Baltimore 0 - Los Angeles 0
BOTTOM OF THE 1ST
Los Angeles Angels batting - Pitching for Baltimore Orioles : RHP Chris Sable
Pitching: RHP Chris Sable
Batting: RHB Matthew Allen 0-0: Ball
1-0: Ball
2-0: Foul Ball, location: 9LDF
2-1: Fly out, F7 (Flyball, 7, EV 90.6 MPH)
Batting: RHB Edgar Pirir 0-0: Foul Ball, location: 5DF
0-1: Ball
1-1: Swinging Strike
1-2: Ball
2-2: Ground out U3 (Groundball, 3S, EV 71.3 MPH)
Batting: LHB Matt Evans 0-0: Ball
1-0: Foul Ball, location: 2F
1-1: Ball
2-1: Foul Ball, location: 3DF
2-2: SINGLE (Groundball, 34D, EV 105.0 MPH)
Batting: RHB Jimmy Powell 0-0: Ball
1-0: Ball
2-0: Ball
3-0: Called Strike
3-1: Base on Balls
Matt Evans to second
Batting: LHB Justin Manns 0-0: Foul Ball, location: 2F
0-1: Foul Ball, location: 2F
0-2: Strikes out swinging
Bottom of the 1st over - 0 runs, 1 hit, 0 errors, 2 left on base; Baltimore 0 - Los Angeles 0
TOP OF THE 2ND
Baltimore Orioles batting - Pitching for Los Angeles Angels : RHP Matt Yaryan
Batting: LHB Kenny West 0-0: Called Strike
0-1: Foul Ball, location: 2RF
0-2: Ball
1-2: Strikes out swinging
Batting: SHB Josh Osborne 0-0: Ball
1-0: Ground out 1-3 (Groundball, 13S, EV 71.9 MPH)
Batting: LHB Nate Wagner 0-0: Called Strike
0-1: Swinging Strike
0-2: Foul Ball, location: 2F
0-2: Ball
1-2: Ball
2-2: Ground out 5-3 (Groundball, 5, EV 103.1 MPH)
Top of the 2nd over - 0 runs, 0 hits, 0 errors, 0 left on base; Baltimore 0 - Los Angeles 0
BOTTOM OF THE 2ND
Los Angeles Angels batting - Pitching for Baltimore Orioles : RHP Chris Sable
Batting: RHB Fethi Yazîcîzâde 0-0: Called Strike
0-1: Ball
1-1: Ground out 6-3 (Groundball, 56, EV 82.5 MPH)
Batting: SHB Justin Williams 0-0: Swinging Strike
0-1: Called Strike
0-2: Foul Ball, location: 23FF
0-2: Foul Ball, location: 2F
0-2: Strikes out swinging
Batting: RHB Xavier Montes 0-0: Swinging Strike
0-1: Fly out, F7 (Flyball, 78M, EV 90.6 MPH)
Bottom of the 2nd over - 0 runs, 0 hits, 0 errors, 0 left on base; Baltimore 0 - Los Angeles 0
TOP OF THE 3RD
Baltimore Orioles batting - Pitching for Los Angeles Angels : RHP Matt Yaryan
Batting: RHB Travis Darling 0-0: Ball
1-0: Called Strike
1-1: Ball
2-1: Called Strike
2-2: Ball
3-2: Foul Ball, location: 25F
3-2: Ground out 3-1 (Groundball, 13, EV 85.6 MPH)
Batting: RHB Pedro Jimenez 0-0: Ball
1-0: Ball
2-0: Called Strike
2-1: Ground out 6-3 (Groundball, 6, EV 97.5 MPH)
Batting: SHB Rafael Garza 0-0: Ball
1-0: Swinging Strike
1-1: Ball
2-1: Foul Ball, location: 9LSFF
2-2: Fly out, F9 (Flyball, 9S, EV 78.1 MPH)
Top of the 3rd over - 0 runs, 0 hits, 0 errors, 0 left on base; Baltimore 0 - Los Angeles 0
BOTTOM OF THE 3RD
Los Angeles Angels batting - Pitching for Baltimore Orioles : RHP Chris Sable
Batting: RHB Nicolas Montecino 0-0: Swinging Strike
0-1: Ball
1-1: Swinging Strike
1-2: Foul Ball, location: 2F
1-2: Ball
2-2: Ground out 4-3 (Groundball, 4, EV 89.4 MPH)
Batting: RHB Matthew Allen 0-0: Called Strike
0-1: Ball
1-1: Foul Ball, location: 2F
1-2: Ball
2-2: Foul Ball, location: 25F
2-2: Ground out 6-3 (Groundball, 6, EV 108.1 MPH)
Batting: RHB Edgar Pirir 0-0: Ball
1-0: Ball
2-0: Ball
3-0: Base on Balls
Batting: LHB Matt Evans 0-0: Foul Ball, location: 9LMF
0-1: Swinging Strike
0-2: Ball
Wild Pitch!
Edgar Pirir to second
1-2: 2-RUN HOME RUN (Flyball, 89XD, EV 96.3 MPH), Distance : 382 ft
Batting: RHB Jimmy Powell 0-0: Swinging Strike
0-1: Ball
1-1: Called Strike
1-2: Strikes out swinging
Bottom of the 3rd over - 2 runs, 1 hit, 0 errors, 0 left on base; Baltimore 0 - Los Angeles 2
TOP OF THE 4TH
Baltimore Orioles batting - Pitching for Los Angeles Angels : RHP Matt Yaryan
Batting: LHB Jeremy Marshall 0-0: Called Strike
0-1: Foul Ball, location: 5FF
0-2: Ground out 5-3 (Groundball, 56, EV 85.6 MPH)
Batting: LHB Jerry Peterson 0-0: Ball
1-0: Called Strike
1-1: Swinging Strike
1-2: Foul Ball, location: 5FF
1-2: Ground out 4-3 (Groundball, 4, EV 83.1 MPH)
Batting: RHB Eduardo Lopez 0-0: Called Strike
0-1: Ball
1-1: Fly out, F8 (Flyball, 8LD, EV 106.3 MPH)
Top of the 4th over - 0 runs, 0 hits, 0 errors, 0 left on base; Baltimore 0 - Los Angeles 2
BOTTOM OF THE 4TH
Los Angeles Angels batting - Pitching for Baltimore Orioles : RHP Chris Sable
Batting: LHB Justin Manns 0-0: Ball
1-0: Called Strike
1-1: Foul Ball, location: 2F
1-2: Strikes out swinging
Batting: RHB Fethi Yazîcîzâde 0-0: Ball
1-0: Called Strike
1-1: Called Strike
1-2: Strikes out swinging
Batting: SHB Justin Williams 0-0: Swinging Strike
0-1: Ball
1-1: Swinging Strike
1-2: Strikes out looking
Bottom of the 4th over - 0 runs, 0 hits, 0 errors, 0 left on base; Baltimore 0 - Los Angeles 2
TOP OF THE 5TH
Baltimore Orioles batting - Pitching for Los Angeles Angels : RHP Matt Yaryan
Batting: LHB Kenny West 0-0: Called Strike
0-1: Ball
1-1: Ground out U3 (Groundball, 3, EV 88.1 MPH)
Batting: SHB Josh Osborne 0-0: Ball
1-0: Ball
2-0: Ball
3-0: Called Strike
3-1: SINGLE (Line Drive, 9S, EV 91.3 MPH)
Batting: LHB Nate Wagner 0-0: Ball
1-0: Foul Ball, location: 2F
1-1: Called Strike
1-2: SINGLE (Line Drive, 34D, EV 96.9 MPH)
Josh Osborne to second
Batting: RHB Travis Darling 0-0: Foul Ball, location: 9LDF
0-1: Grounds into double play, 4-6-3 (Groundball, 4M, EV 83.8 MPH)
Top of the 5th over - 0 runs, 2 hits, 0 errors, 1 left on base; Baltimore 0 - Los Angeles 2
BOTTOM OF THE 5TH
Los Angeles Angels batting - Pitching for Baltimore Orioles : RHP Chris Sable
Batting: RHB Xavier Montes 0-0: Called Strike
0-1: Ball
1-1: Foul Ball, location: 23F
1-2: Ball
2-2: Foul Ball, location: 2F
2-2: Foul Ball, location: 7LMFF
2-2: Foul Ball, location: 2F
2-2: Foul Ball, location: 2F
2-2: Fly out, F8 (Line Drive, 8RM, EV 95.6 MPH)
Batting: RHB Nicolas Montecino 0-0: Called Strike
0-1: SINGLE (Groundball, 6D, EV 105.0 MPH)
Batting: RHB Matthew Allen 0-0: Swinging Strike
0-1: Swinging Strike
0-2: Grounds into double play, 6-4-3 (Groundball, 6, EV 90.6 MPH)
Bottom of the 5th over - 0 runs, 1 hit, 0 errors, 0 left on base; Baltimore 0 - Los Angeles 2
TOP OF THE 6TH
Baltimore Orioles batting - Pitching for Los Angeles Angels : RHP Matt Yaryan
Batting: RHB Pedro Jimenez 0-0: Ball
1-0: Ball
2-0: Ground out 1-3 (Groundball, 13, EV 72.5 MPH)
Batting: SHB Rafael Garza 0-0: Called Strike
0-1: Swinging Strike
0-2: Ball
1-2: Ball
2-2: Ball
3-2: Base on Balls
Batting: LHB Jeremy Marshall 0-0: Fly out, F8 (Flyball, 8LD, EV 100.6 MPH)
Batting: LHB Jerry Peterson 0-0: Called Strike
0-1: Foul Ball, location: 2F
0-2: Ball
1-2: Strikes out swinging, 2-3 out at first.
Top of the 6th over - 0 runs, 0 hits, 0 errors, 1 left on base; Baltimore 0 - Los Angeles 2
BOTTOM OF THE 6TH
Los Angeles Angels batting - Pitching for Baltimore Orioles : RHP Chris Sable
Batting: RHB Edgar Pirir 0-0: Fly out, F7 (Flyball, 78M, EV 93.1 MPH)
Batting: LHB Matt Evans 0-0: Ball
1-0: Called Strike
1-1: SOLO HOME RUN (Flyball, 78XD, EV 106.3 MPH), Distance : 414 ft
Batting: RHB Jimmy Powell 0-0: Swinging Strike
0-1: Foul Ball, location: 25F
0-2: Ball
1-2: Ground out 5-3 (Groundball, 56S, EV 85.6 MPH)
Batting: LHB Justin Manns 0-0: Ball
1-0: Ball
2-0: Called Strike
2-1: Fly out, F7 (Line Drive, 78M, EV 89.4 MPH)
Bottom of the 6th over - 1 run, 1 hit, 0 errors, 0 left on base; Baltimore 0 - Los Angeles 3
TOP OF THE 7TH
Baltimore Orioles batting - Pitching for Los Angeles Angels : RHP Matt Yaryan
Batting: RHB Eduardo Lopez 0-0: Ball
1-0: Foul Ball, location: 5F
1-1: Called Strike
1-2: Foul Ball, location: 2F
1-2: Strikes out swinging
Batting: LHB Kenny West 0-0: Swinging Strike
0-1: Swinging Strike
0-2: Ball
1-2: Foul Ball, location: 2F
1-2: Foul Ball, location: 3FF
1-2: Ball
2-2: Foul Ball, location: 2F
2-2: Strikes out swinging
Batting: SHB Josh Osborne 0-0: Ball
1-0: Foul Ball, location: 3F
1-1: Swinging Strike
1-2: Strikes out swinging
Top of the 7th over - 0 runs, 0 hits, 0 errors, 0 left on base; Baltimore 0 - Los Angeles 3
BOTTOM OF THE 7TH
Los Angeles Angels batting - Pitching for Baltimore Orioles : RHP Chris Sable
Batting: RHB Fethi Yazîcîzâde 0-0: Ball
1-0: Foul Ball, location: 9LSF
1-1: Ball
2-1: Ball
3-1: Foul Ball, location: 3DF
3-2: Strikes out swinging
Batting: SHB Justin Williams 0-0: Ball
1-0: SOLO HOME RUN (Line Drive, 9D, EV 94.4 MPH), Distance : 368 ft
Pitching: RHP Miguel Castro
Batting: RHB Xavier Montes 0-0: Ball
1-0: DOUBLE (Line Drive, 9LS, EV 96.9 MPH)
Batting: RHB Nicolas Montecino 0-0: Ball
1-0: Swinging Strike
1-1: Ball
2-1: Called Strike
2-2: Foul Ball, location: 2F
2-2: Foul Ball, location: 9LDF
2-2: Ball
3-2: Ground out 4-3 (Groundball, 34, EV 103.8 MPH)
Xavier Montes to third
Batting: RHB Matthew Allen 0-0: Ball
1-0: Ball
2-0: Ball
3-0: Base on Balls
Batting: RHB Edgar Pirir 0-0: Foul Ball, location: 2F
0-1: Called Strike
0-2: Ball
1-2: Strikes out looking
Bottom of the 7th over - 1 run, 2 hits, 0 errors, 2 left on base; Baltimore 0 - Los Angeles 4
TOP OF THE 8TH
Baltimore Orioles batting - Pitching for Los Angeles Angels : RHP Matt Yaryan
Batting: LHB Nate Wagner 0-0: Called Strike
0-1: Called Strike
0-2: Fly out, F9 (Flyball, 9LM, EV 108.1 MPH)
Batting: RHB Travis Darling 0-0: Foul Ball, location: 2F
0-1: Ball
1-1: Ball
2-1: Ball
3-1: Called Strike
3-2: Fly out, F5 (Popup, 5, EV 63.8 MPH)
Batting: RHB Pedro Jimenez 0-0: Ground out 6-3 (Groundball, 6, EV 90.0 MPH)
Top of the 8th over - 0 runs, 0 hits, 0 errors, 0 left on base; Baltimore 0 - Los Angeles 4
BOTTOM OF THE 8TH
Los Angeles Angels batting - Pitching for Baltimore Orioles : RHP Miguel Castro
Batting: LHB Matt Evans 0-0: Ball
1-0: Swinging Strike
1-1: Ground out 4-3 (Groundball, 4, EV 107.5 MPH)
Batting: RHB Jimmy Powell 0-0: Called Strike
0-1: Called Strike
0-2: Ball
1-2: Strikes out swinging
Batting: LHB Justin Manns 0-0: Called Strike
0-1: Swinging Strike
0-2: Foul Ball, location: 7LDF
0-2: Foul Ball, location: 2F
0-2: Ball
1-2: Strikes out swinging
Bottom of the 8th over - 0 runs, 0 hits, 0 errors, 0 left on base; Baltimore 0 - Los Angeles 4
TOP OF THE 9TH
Baltimore Orioles batting - Pitching for Los Angeles Angels : RHP Matt Yaryan
Batting: SHB Rafael Garza 0-0: Called Strike
0-1: Swinging Strike
0-2: Strikes out swinging
Batting: LHB Jeremy Marshall 0-0: Ball
1-0: Swinging Strike
1-1: Ball
2-1: Foul Ball, location: 9LMFF
2-2: Ball
3-2: Strikes out swinging
Pitching: RHP Randy Lamb
Batting: LHB Jerry Peterson 0-0: Ball
1-0: Called Strike
1-1: Swinging Strike
1-2: Ball
2-2: Ball
3-2: Foul Ball, location: 2F
3-2: Strikes out swinging
Top of the 9th over - 0 runs, 0 hits, 0 errors, 0 left on base; Baltimore 0 - Los Angeles 4
Friday, May 3rd , 2024 - OOTP Baseball 24.11 Build 85